Map: Lightshade LE

Players

Astrea - Winner!

  • Race: Protoss Protoss
  • League: Master
  • Spawn Location: 5:00

Zoun

  • Race: Protoss Protoss
  • League: Diamond
  • Spawn Location: 11:00

Event: Cheeseadelphia Winter Championship 2021

VOD

Have the link to the VOD?

Description

Time

  • Played on: Jan. 23, 2021, 11:50 a.m.
  • Length: 7:31

All games in this series

Show
View Real Time Build Order
Export as new Build Order

Astrea Protoss - Winner!

Build Orders:  

Get SALT Encoding   

  12  0:00  Probe  
  13  0:12  Probe  
  14  0:17  Pylon  
  14  0:24  Probe (Chrono Boost)  
  15  0:36  Gateway, Probe (Chrono Boost)  
  16  0:43  Probe (Chrono Boost)  
  16  0:45  Assimilator  
  17  0:51  Probe  
  17  0:53  Assimilator  
  18  1:03  Probe (Chrono Boost)  
  19  1:06  Gateway  
  20  1:12  Probe (Chrono Boost)  
  20  1:17  Probe (Chrono Boost)  
  20  1:23  Cybernetics Core  
  21  1:29  Probe  
  22  1:37  Pylon  
  22  1:41  Probe  
  23  1:55  Probe  
  23  1:58  Warp Gate (Chrono Boost)  
  23  2:00  Adept x2  
  28  2:04  Pylon  
  28  2:07  Probe  
  29  2:19  Probe  
  30  2:30  Sentry x2  
  30  2:33  Probe  
  34  2:45  Probe  
  34  2:50  Nexus  
  35  2:57  Probe  
  36  3:06  Sentry  
  36  3:08  Shield Battery  
  36  3:11  Pylon  
  38  3:19  Pylon  
  38  3:20  Probe  
  38  3:26  Twilight Council  
  39  3:32  Probe  
  40  3:42  Stalker  
  40  3:44  Probe  
  40  3:45  Stalker  
  45  3:58  Probe (Chrono Boost), Forge  
  46  4:04  Probe (Chrono Boost)  
  48  4:10  Blink  
  48  4:13  Probe (Chrono Boost)  
  48  4:15  Probe (Chrono Boost)  
  49  4:21  Probe (Chrono Boost)  
  51  4:25  Probe (Chrono Boost)  
  51  4:27  Protoss Ground Weapons Level 1 (Chrono Boost), Probe (Chrono Boost)  
  53  4:31  Probe (Chrono Boost)  
  53  4:35  Probe  
  54  4:43  Probe  
  55  4:47  Robotics Facility  
  55  4:49  Assimilator  
  55  4:50  Probe  
  56  4:55  Probe  
  56  4:58  Gateway  
  57  5:00  Gateway  
  57  5:02  Stalker x2  
  61  5:10  Pylon  
  61  5:11  Probe x2  
  63  5:28  Stalker x2  
  65  5:38  Warp Prism (Chrono Boost), Pylon  
  65  5:41  Nexus  
  67  5:53  Stalker x2  
  67  5:55  Stalker  
  73  5:59  Stalker  
  75  6:07  Observer  
  76  6:17  Stalker x2  
  80  6:18  Stalker  
  80  6:22  Stalker  
  84  6:25  Probe  
  84  6:26  Probe  
  84  6:27  Pylon  
  84  6:30  Pylon  
  84  6:43  Stalker x2  
  82  6:48  Stalker x2  
  82  6:50  Probe  
  85  6:55  Probe  
  85  6:57  Probe  
  87  7:02  Probe  
  87  7:07  Probe  
  89  7:10  Probe  
  89  7:11  Stalker x2  
  89  7:12  Stalker x2  
Show
View Real Time Build Order
Export as new Build Order

Zoun Protoss 

Build Orders: Blink Stalkers 

Get SALT Encoding   

  12  0:00  Probe  
  13  0:12  Probe  
  14  0:17  Pylon  
  14  0:24  Probe (Chrono Boost)  
  15  0:36  Gateway  
  15  0:37  Probe (Chrono Boost)  
  16  0:43  Probe (Chrono Boost)  
  16  0:46  Assimilator  
  17  0:51  Probe  
  17  0:54  Assimilator  
  18  1:03  Probe (Chrono Boost)  
  19  1:08  Gateway  
  19  1:13  Probe (Chrono Boost)  
  19  1:18  Probe (Chrono Boost)  
  20  1:24  Cybernetics Core  
  21  1:29  Probe  
  22  1:35  Pylon  
  22  1:41  Probe  
  23  1:53  Probe  
  24  2:00  Stalker  
  24  2:01  Stalker, Warp Gate  
  28  2:05  Probe  
  29  2:12  Pylon  
  29  2:18  Probe  
  30  2:31  Stalker x2  
  34  2:55  Nexus  
  34  3:01  Shield Battery  
  34  3:07  Probe  
  34  3:08  Shield Battery  
  35  3:15  Twilight Council  
  35  3:25  Probe  
  36  3:27  Pylon  
  36  3:38  Probe (Chrono Boost)  
  37  3:47  Blink (Chrono Boost)  
  37  3:49  Sentry x2  
  37  3:51  Probe (Chrono Boost)  
  42  3:57  Shield Battery  
  42  3:58  Probe (Chrono Boost)  
  42  4:01  Phoenix  
  43  4:08  Probe x2 (Chrono Boost)  
  47  4:17  Probe x2 (Chrono Boost)  
  47  4:22  Probe x2 (Chrono Boost)  
  47  4:24  Stalker  
  49  4:25  Stalker  
  53  4:34  Probe  
  53  4:37  Probe  
  53  4:38  Robotics Facility  
  55  4:45  Phoenix  
  55  4:46  Probe  
  55  4:49  Pylon, Probe  
  57  4:58  Probe  
  58  5:01  Probe, Nexus  
  59  5:08  Assimilator  
  59  5:10  Probe  
  60  5:17  Pylon, Probe  
  61  5:22  Probe, Forge  
  61  5:25  Observer  
  61  5:26  Gateway  
  61  5:28  Gateway  
  63  5:41  Stalker x2  
  63  5:42  Probe x2  
  69  5:48  Immortal  
  73  6:01  Pylon  
  73  6:06  Pylon  
  73  6:13  Probe x2 (Chrono Boost)  
  73  6:14  Probe (Chrono Boost)  
  76  6:23  Probe x3 (Chrono Boost)  
  79  6:27  Immortal  
  79  6:29  Stalker x2  
  79  6:31  Stalker  
  83  6:42  Stalker  
  58  6:54  Gateway  
  58  6:56  Stalker  
  58  6:58  Gateway  
  58  7:00  Stalker  
  62  7:10  Stalker x2  
  62  7:16  Probe  
  62  7:19  Probe  
Tags
 
Add a new tag
Caveats
  • Supply blocks, unpowered buildings, or Contaminate may cause inaccurate times.
  • Supply counts are checked every 10 seconds.